Cogmind - Beta 16 @@@ ROGUE MODE // 2025.11.19 @ 13:07:03 Player: Zane Result: Self-destructed Performance ------------- Evolutions (4) 2000 Regions Visited (4) 800 Robots Destroyed (13) 65 Value Destroyed (613) 613 Prototype IDs (10) 200 Alien Tech Used (0) 0 Bonus (300) 300 TOTAL SCORE: 3978 Bonus ------- Registered with UFD 300 Cogmind --------- Core Integrity 55/850 Matter 300/300 Energy 799/900 System Corruption 1% Temperature Cool (0) Movement Core (300) Ox5 Location -6/Factory Parts ------- > --- POWER (1) -------- Hybrid Fission Core > --- PROPULSION (4) --- (None) > --- UTILITY (8) ------ Small Storage Unit Structural Scanner Experimental Signal Interpreter A0-MCA's Component Scanner > --- WEAPON (2) ------- Companion Sword > --- INVENTORY (8) ---- Energy Well (0) Seismic Detector Improved Melee Analysis Suite System Shield Mini Grenade Launcher Peak State ------------ > --- POWER ------------ Hybrid Fission Core > --- PROPULSION ------- Aluminum Leg Aluminum Leg Carbon-fiber Leg Flexi-carbon Leg > --- UTILITY ---------- Small Storage Unit Structural Scanner Advanced Sensor Array Experimental Signal Interpreter Phase Shifter Improved Propulsion Shielding Improved Medium Armor Plating A0-MCA's Component Scanner > --- WEAPON ----------- Power Sword Companion Sword > --- INVENTORY -------- Hybrid Fission Core Seismic Detector Improved Melee Analysis Suite Advanced Melee Analysis Suite Cloaking Device Improved Medium Armor Plating System Shield Mini Grenade Launcher [Rating: 64] Favorites ----------- Power Ion Engine Engine Ion Engine Power Core Hybrid Fission Core Propulsion Aluminum Leg Treads Light Treads Leg Aluminum Leg Utility Humpback Device Structural Scanner Storage Humpback Processor Experimental Signal Interpreter Protection Improved Medium Armor Plating Weapon Assault Rifle Energy Gun Small Laser Ballistic Gun Assault Rifle Slashing Weapon Companion Sword Build | -11 -10 -10 -9 -6 ------- Run | Yrd Mat Sub Scr Fac Slots Evolved 8 | . . . . 8 Power . | . . . . . Propulsion 2 | . . . . 2 Utility 6 | . . . . 6 Weapon . | . . . . . Parts Attached 32 | 7 2 . 1 22 Power 3 | 1 . . . 2 Engine 1 | 1 . . . . Core 2 | . . . . 2 Reactor . | . . . . . Propulsion 6 | 2 . . . 4 Treads 1 | . . . . 1 Leg 5 | 2 . . . 3 Wheel . | . . . . . Hover . | . . . . . Flight . | . . . . . Utility 17 | 2 . . 1 14 Device 9 | 1 . . . 8 Storage 2 | 1 . . 1 . Processor 3 | . . . . 3 Hackware . | . . . . . Protection 3 | . . . . 3 Artifact . | . . . . . Weapon 6 | 2 2 . . 2 Energy Gun 2 | 2 . . . . Energy Cannon . | . . . . . Ballistic Gun 2 | . 2 . . . Ballistic Cannon . | . . . . . Launcher . | . . . . . Special Weapon . | . . . . . Impact Weapon . | . . . . . Slashing Weapon 2 | . . . . 2 Piercing Weapon . | . . . . . Special Melee Weapon . | . . . . . Unidentified Prototypes 1 | . . . . 1 Parts Lost 16 | . . . . 16 Power 1 | . . . . 1 Propulsion 5 | . . . . 5 Utility 9 | . . . . 9 Weapon 1 | . . . . 1 Highest Loss Streak 9 | . . . . 9 To Critical Strikes . | . . . . . Average Backups 17 | 3 6 7 18 8 Power . | . 2 2 . . Propulsion 2 | 1 2 2 2 . Utility 8 | . 1 2 9 6 Weapon 4 | . 1 1 4 2 Tool/Special . | . . . . . Unused Backups 17 | . . . 2 15 Power 3 | . . . 1 2 Propulsion 1 | . . . . 1 Utility 6 | . . . . 6 Weapon 7 | . . . 1 6 Tool/Special . | . . . . . Average Slot Usage (%) 85 | . 100 100 85 85 Engine 12 | . 14 14 14 3 Leg 26 | . 28 28 28 19 Device 3 | . 14 14 . 19 Storage 12 | . 14 14 14 6 Processor 1 | . . . . 10 Ballistic Gun 24 | . 15 28 28 . Slashing Weapon 1 | . . . . 11 Peak Build Rating 64 | 7 7 7 16 64 Average Rating 17 | 4 6 7 12 49 On Entrance 7 | . 7 7 7 16 Avg Prop Armor Cover (%) 7 | . . . . 7 Naked Turns . | . . . . . Heaviest Build 224 | 13 14 14 208 224 Greatest Support 55 | 20 20 20 20 55 Greatest Overweight (x) 10 | 3 . . 10 8 Average Overweight (x) 5 | . . . 9 . Largest Inventory Capacity 35 | 8 8 8 35 35 Average Capacity 31 | 7 8 8 34 18 Most Carried 29 | 5 8 7 29 28 Average Carried 18 | 3 6 7 19 9 Final Capacity 35 | 8 8 8 35 8 Final Carried 29 | 5 7 7 29 5 Class Distribution -------------------- 82% | Hauler-Mutant 7% | Assassin 5% | Hauler-Assassin 4% | Mutant Dominant Class ---------------- Mutant | -10/Materials Mutant | -10/Subcaves Hauler-Mutant | -9/Scraptown Assassin | -6/Factory Resources | -11 -10 -10 -9 -6 ----------- Run | Yrd Mat Sub Scr Fac Matter Collected 991 | 239 52 . 155 545 Remotely . | . . . . . Salvage Created 696 | 28 . . . 668 Parts 38 | 3 . . . 35 Haulers Intercepted . | . . . . . Recyclers Shooed 1 | . . . . 1 Parts Field Recycled . | . . . . . Retrieved Matter . | . . . . . Parts Self-Destructed . | . . . . . Prevented . | . . . . . Parts Restored . | . . . . . Kills | -11 -10 -10 -9 -6 ------- Run | Yrd Mat Sub Scr Fac Combat Hostiles Destroyed 10 | . . . . 10 Melee 10 | . . . . 10 Classes Destroyed 6 | 1 . . . 5 Worker 1 | . . . . 1 Tunneler 1 | 1 . . . . Watcher 1 | . . . . 1 Grunt 6 | . . . . 6 Hunter 1 | . . . . 1 Programmer 3 | . . . . 3 Best Kill Streak 2 | 1 . . . 2 Combat Bots Only 2 | . . . . 2 Max Kills in Single Turn 1 | 1 . . . 1 Gunslinging . | . . . . . Exploded . | . . . . . Melee 1 | . . . . 1 Uniques/NPCs Destroyed . | . . . . . Combat | -11 -10 -10 -9 -6 -------- Run | Yrd Mat Sub Scr Fac Hostile Shots Fired 233 | . . . . 233 Missed 73 | . . . . 73 Hits 160 | . . . . 160 Projectile 160 | . . . . 160 Critical Strikes 5 | . . . . 5 Actively Blocked 1 | . . . . 1 Damage Taken 2397 | . . . . 2397 Core 795 | . . . . 795 Absorbed by Shields . | . . . . . Redirected to Shielding 61 | . . . . 61 Core Remaining (%) 100 | 100 . . 100 . Volleys Fired 3 | 2 1 . . . Largest 2 | 2 2 . . . Hottest 80 | 80 80 . . . Shots Fired 6 | 4 2 . . . Gun 6 | 4 2 . . . Cannon . | . . . . . Launcher . | . . . . . Special . | . . . . . Kinetic . | . . . . . Thermal 6 | 4 2 . . . Explosive . | . . . . . Electromagnetic . | . . . . . Robot Hit Streak 3 | 3 . . . . Robot Miss Streak 3 | 1 3 . . . Penetration Max . | . . . . . Secondary Targets . | . . . . . Shots Hit Robots 44 | 3 . . . 41 Core Hits 19 | 2 . . . 17 Critical Kills . | . . . . . Critical Parts Destroyed . | . . . . . Critical Strikes . | . . . . . Melee Attacks 62 | . . . . 62 Impact . | . . . . . Slashing 62 | . . . . 62 Piercing . | . . . . . Sneak Attacks 3 | . . . . 3 Combat Hostiles . | . . . . . Follow-up Attacks 2 | . . . . 2 Damage Inflicted 1807 | 33 3 . . 1771 Guns 33 | 33 . . . . Cannons . | . . . . . Explosions . | . . . . . Melee 1771 | . . . . 1771 Ramming 3 | . 3 . . . Kinetic . | . . . . . Thermal 33 | 33 . . . . Explosive . | . . . . . Electromagnetic . | . . . . . Impact . | . . . . . Slashing 1771 | . . . . 1771 Piercing . | . . . . . Highest Corruption 1 | . . . . 1 Average Corruption 1 | . . . . 1 Corruption Purged . | . . . . . Corruption Blocked . | . . . . . Effects 2 | . . . . 2 Matter Fused 1 | . . . . 1 Heat Flow Errors 1 | . . . . 1 Overload Shots . | . . . . . Overflow Damage 150 | . . . . 150 Projectiles . | . . . . . Explosions . | . . . . . Melee 150 | . . . . 150 Knockbacks . | . . . . . Impact . | . . . . . Kinetic . | . . . . . Secondary . | . . . . . Self-Inflicted Damage . | . . . . . Shots . | . . . . . Rammed . | . . . . . Targets Rammed 1 | . 1 . . . Kicked 1 | . 1 . . . Crushed . | . . . . . Highest Temperature 219 | 36 18 . . 219 Average Temperature 59 | 20 12 . . 111 Received Heat Transfer 646 | . . . . 646 Siege Activations . | . . . . . Martial Activations . | . . . . . Shielding Activations . | . . . . . Robots Disrupted . | . . . . . Combat Hostiles . | . . . . . Robots Corrupted . | . . . . . Combat Hostiles . | . . . . . Parts Fried . | . . . . . Impact Corruptions . | . . . . . Robots Melted . | . . . . . Combat Hostiles . | . . . . . Parts Melted . | . . . . . Heat Transferred 75 | 75 . . . . Parts Sabotaged . | . . . . . Parts Stolen . | . . . . . Parts Stripped . | . . . . . Power Chain Reactions . | . . . . . Alert | -11 -10 -10 -9 -6 ------- Run | Yrd Mat Sub Scr Fac Maximum Alert Level . | . . . . . Low Security (%) 100 | 100 100 . . 100 Level 1 . | . . . . . Level 2 . | . . . . . Level 3 . | . . . . . Level 4 . | . . . . . Level 5 . | . . . . . High Security . | . . . . . Max Security . | . . . . . Peak Influence 174 | 5 5 . . 174 Initial 3 | . 3 . . . Average 20 | 1 . . . 23 Influence Increases 361 | 5 5 . . 351 Destroy 0b10 Robot/C 200 | . . . . 200 Destroy 0b10 Robot/NC 15 | 5 . . . 10 Destroy Leader 62 | . . . . 62 Successful Hack 5 | . 5 . . . Destroy Structure 4 | . . . . 4 Lose Combat Pursuer 75 | . . . . 75 Influence Decreases 225 | . 10 . . 215 Entered New Map 2 | . 2 . . . Time Decay 103 | . 8 . . 95 Lost Part 120 | . . . . 120 Squads Dispatched 3 | . . . . 3 Investigation . | . . . . . Extermination 3 | . . . . 3 Reinforcement . | . . . . . Assault . | . . . . . Garrison . | . . . . . Intercept . | . . . . . Searches Triggered . | . . . . . Construction Impeded . | . . . . . Haulers Reinforced . | . . . . . Active Scanning Responses . | . . . . . Cargo Convoy Interrupts . | . . . . . Stealth | -11 -10 -10 -9 -6 --------- Run | Yrd Mat Sub Scr Fac Distress Signals 3 | . . . . 3 Communications Jammed . | . . . . . Distress Signals . | . . . . . Times Spotted 30 | . 4 . . 26 Peak Tracking Total 9 | . 2 . . 9 Tactical Retreats 4 | . . . . 4 Traps | -11 -10 -10 -9 -6 ------- Run | Yrd Mat Sub Scr Fac Traps Triggered 1 | . . . . 1 Indirectly . | . . . . . Trap Hack Attempts . | . . . . . Triggered . | . . . . . Disarmed . | . . . . . Reprogrammed . | . . . . . Reused . | . . . . . Traps Extracted . | . . . . . Installed . | . . . . . Triggered . | . . . . . Machines | -11 -10 -10 -9 -6 ---------- Run | Yrd Mat Sub Scr Fac Machines Disabled . | . . . . . Max in Single Turn . | . . . . . Machines Repaired . | . . . . . Machines Dismantled . | . . . . . Machines Sabotaged . | . . . . . Overloaded Fab Kills . | . . . . . Hacking | -11 -10 -10 -9 -6 --------- Run | Yrd Mat Sub Scr Fac Machines Accessed 7 | . 1 . 4 2 Terminals 2 | . 1 . . 1 Fabricators . | . . . . . Repair Stations . | . . . . . Recycling Units 1 | . . . . 1 Scanalyzers . | . . . . . Garrison Access . | . . . . . Total Hacks 25 | . 3 . 18 4 Successful 21 | . 1 . 18 2 Failed 4 | . 2 . . 2 Catastrophic 1 | . 1 . . . Database Lockouts . | . . . . . Manual 5 | . 3 . . 2 Terminals 5 | . 3 . . 2 Fabricators . | . . . . . Repair Stations . | . . . . . Recycling Units 2 | . . . . 2 Scanalyzers . | . . . . . Garrison Access . | . . . . . Terminal Hacks 19 | . 1 . 18 . Record 17 | . . . 17 . Prototype ID Bank 1 | . 1 . . . Open Door 1 | . . . 1 . Fabricator Hacks . | . . . . . Repair Station Hacks . | . . . . . Recycling Unit Hacks 2 | . . . . 2 Process 1 | . . . . 1 Retrieve Matter 1 | . . . . 1 Scanalyzer . | . . . . . Garrison Access Hacks . | . . . . . Unauthorized Hacks . | . . . . . Terminals . | . . . . . Fabricators . | . . . . . Repair Stations . | . . . . . Recycling Units . | . . . . . Scanalyzers . | . . . . . Garrison Access . | . . . . . Data Cores Recovered . | . . . . . Used . | . . . . . Hacking Detections 2 | . 1 . . 1 Full Trace Events . | . . . . . Feedback Events . | . . . . . Feedback Blocked . | . . . . . Robot Schematics Acquired . | . . . . . Robots Built . | . . . . . Authchips . | . . . . . Time . | . . . . . Total Robot Build Rating . | . . . . . Part Schematics Acquired . | . . . . . Parts Built . | . . . . . Authchips . | . . . . . Time . | . . . . . Total Part Build Rating . | . . . . . Part Studies Acquired . | . . . . . Parts Repaired . | . . . . . Time . | . . . . . Parts Recycled . | . . . . . Recycled Matter 2 | . . . . 2 Retrieved Matter 2 | . . . . 2 Retrieved Components . | . . . . . Parts Scanalyzed . | . . . . . Part Schematics Acquired . | . . . . . Parts Damaged . | . . . . . Bothacking | -11 -10 -10 -9 -6 ------------ Run | Yrd Mat Sub Scr Fac Used RIF Installer . | . . . . . Robots Hacked . | . . . . . Non-combat . | . . . . . Combat . | . . . . . Robot Hacks Applied . | . . . . . Relay Couplers Released . | . . . . . Fabnet Peak Effective % . | . . . . . Robots Rewired . | . . . . . Allies Hacked . | . . . . . Hacks Repelled . | . . . . . Allies | -11 -10 -10 -9 -6 -------- Run | Yrd Mat Sub Scr Fac Total Allies . | . . . . . Largest Group . | . . . . . Highest-Rated Group . | . . . . . Highest-Rated Ally . | . . . . . Total Orders . | . . . . . Ally Attacks . | . . . . . Total Damage . | . . . . . Kills . | . . . . . Allies Corrupted . | . . . . . Allies Melted . | . . . . . Intel | -11 -10 -10 -9 -6 ------- Run | Yrd Mat Sub Scr Fac Active Infowar (turns) 1822 | 11 211 47 93 1460 Sensors 1357 | . . . . 1357 Structural 1451 | . . . . 1451 Seismic 362 | 11 211 47 93 . Cloaking 1 | . . . . 1 Robot Analysis Total . | . . . . . Derelict Logs Recovered . | . . . . . Drone Launches . | . . . . . Drone Recoveries . | . . . . . Exploration | -11 -10 -10 -9 -6 ------------- Run | Yrd Mat Sub Scr Fac Turns Passed 10985 | 78 211 47 9187 1462 Spaces Moved 2059 | 50 158 22 1180 649 Core 24 | 21 . . . 3 Treads . | . . . . . Legs 2035 | 29 158 22 1180 646 Wheels . | . . . . . Hover . | . . . . . Flight . | . . . . . Fastest Speed 50 | 50 120 120 120 120 Average Speed 515 | 111 120 120 776 181 Slowest Speed 820 | 200 120 120 820 540 Overloaded Moves . | . . . . . Propulsion Burnouts . | . . . . . Robots Hopped . | . . . . . Potential Cave-ins . | . . . . . Cave-ins Triggered . | . . . . . Exploration Rate (%) 28 | 4 42 3 77 16 Regions Visited 4 Branch Regions 2 Pre-discovered Areas . | . . . . . Known Exits Taken . | . . . . . Unknown Exits Taken 4 | 1 1 1 1 . Scrap Searched 4 | . . . 4 . Spaces Dug 4 | . . . . 4 Terrain Destroyed 4 | . . . . 4 Melee 4 | . . . . 4 Projectile . | . . . . . AOE . | . . . . . Terrain Rammed . | . . . . . Walls Destroyed . | . . . . . Machines Disabled . | . . . . . Actions | -11 -10 -10 -9 -6 --------- Run | Yrd Mat Sub Scr Fac Total 2358 | 65 178 42 1211 862 Wait 122 | 2 11 21 . 88 Move 2055 | 49 157 21 1179 649 Hop . | . . . . . Pick Up 47 | 5 4 . 26 12 Fast Attach 11 | 7 . . . 4 Attach 22 | . 2 . 1 19 Detach 6 | . . . . 6 Swap 2 | . . . . 2 Drop 25 | . 2 . 5 18 Fire 3 | 2 1 . . . Melee 59 | . . . . 59 Ram . | . . . . . Kick 1 | . 1 . . . Crush . | . . . . . Escape Stasis 5 | . . . . 5 Rewire . | . . . . . Trap . | . . . . . Miscellaneous . | . . . . . Route ------- -11/Scrapyard -10/Materials (discovered 2 exits: [*Min] / [*Sub]) -10/Subcaves -9/Scraptown -6/Factory History --------- Turn | Location | Event 29 | -11/Scrapyard | Discovered new exit (range 15) 79 | -11/Scrapyard | Entered Materials 80 | -10/Materials | Met a group of wandering Federalists 238 | -10/Materials | Discovered new exit (range 10) 280 | -10/Materials | Discovered new exit (range 12) 290 | -10/Materials | Entered Subcaves 290 | -10/Subcaves | Accompanied by 2 allies 291 | -10/Subcaves | Continued accompanying wandering Federalists (3) 291 | -10/Subcaves | Approached by a straggling Scientist 314 | -10/Subcaves | Build established: Mutant 318 | -10/Subcaves | Scientist uncovered a shortcut to Scraptown 337 | -10/Subcaves | Entered Scraptown 737 | -9/Scraptown | Build established: Hauler-Mutant 1490 | -9/Scraptown | Heard Great Nut preacher, LISTEN AND RECITE! 2231 | -9/Scraptown | Visited Symbiants 2502 | -9/Scraptown | Visited Shadow of the Wyrm 2936 | -9/Scraptown | Visited Awakened 3174 | -9/Scraptown | Visited Cave Peace 3445 | -9/Scraptown | Visited Spacefarers 3568 | -9/Scraptown | Visited Assassins FH 3707 | -9/Scraptown | Visited UFD Registry 3707 | -9/Scraptown | Registered with UFD as "Metalslicer" 3978 | -9/Scraptown | Visited Scrapoid Pod Storage 4019 | -9/Scraptown | Found Scrapoid Pod 4176 | -9/Scraptown | Visited A0-MCA Data Center 4225 | -9/Scraptown | Given a B- rating by A0-MCA 4241 | -9/Scraptown | Found A0-MCA's Component Scanner 4406 | -9/Scraptown | Visited Sword Containment 4505 | -9/Scraptown | Found Prototype Slashing Weapon 4711 | -9/Scraptown | Visited DA-N13 Charitable Foundation 4743 | -9/Scraptown | Found DCF Scrap (27 items) 4985 | -9/Scraptown | Visited Infowarlord's Domain 5141 | -9/Scraptown | Visited Abandonware Association 5321 | -9/Scraptown | Learned abandonware demo "ERRANTS.EXE" 5485 | -9/Scraptown | Visited Junk Cannon Lab 5543 | -9/Scraptown | Found Prototype Special Weapon 5732 | -9/Scraptown | Visited Curators Association 5847 | -9/Scraptown | Visited Scrapoid Research Area 8751 | -9/Scraptown | Found Exp. Signal Interpreter 9301 | -9/Scraptown | Found Scrap Suit 9458 | -9/Scraptown | Discovered new exit (range 5) 9524 | -9/Scraptown | Entered Factory 9524 | -6/Factory | Evolved 8 slots: Propulsion x2, Utility x6 9533 | -6/Factory | Identified Companion Sword 9824 | -6/Factory | Build established: Hauler-Assassin 10155 | -6/Factory | Identified Junk Cannon 10442 | -6/Factory | Build established: Assassin 10763 | -6/Factory | Core integrity fell below 50% 10774 | -6/Factory | Lost 9 parts (1p3n4u1w) 10976 | -6/Factory | Core integrity fell below 20% 10986 | -6/Factory | Self-destructed Last Messages --------------- 10888_ K-01 Serf collects debris. 10889_ R-10 Processor collects Imp. Heat Sink. 10892_ R-10 Processor collects Mic. Nuclear Core. 10900_ K-01 Serf cleans the Assembly Bed. 10924_ Destroyed Imp. Hover Unit. 10927_ W-25 Informer destroyed. 10928_ K-01 Serf collects debris. 10959_ Flexi-carbon Leg destroyed. 10961_ C-30 ARC bursts open, deploying its payload. 10961_ G-50 Soldier unfolds itself. 10963_ Carbon-fiber Leg destroyed. 10964_ Adv. Melee Analysis Suite destroyed. 10964_ Imp. Medium Armor Plating destroyed. 10967_ Adv. Sensor Array destroyed. 10983_ G-67 Veteran destroyed. Companion Sword: "Let's chop some more Grunt!" 10985_ Cloaking Device destroyed. 10985_ K-01 Serf collects debris. Map ----- +----------------------------------------------------+ | ???????## # ????????? | | ???????## = # ???? ???????? | | ???????## % ###### ####?????#####???????? | | ???????## ###### ####????? ???????? | | ???? + ##??????????????????????????? | | ? ### ##??????????????????????????? | | ? ? ### ##??????????????????????????? | | ? ?????## ##??????????????????????????? | | ???????#############+##??????????????????????????? | | ???????# #### ##??????????????????????????? | | ??????????????????## ##??????????????????????????? | | ??????????????????## ##??????????????????????????? | | ??????????????? #### ######??????????????????????? | | ??????????????? ####+######??????????????????????? | | ??????????????? # ##??????????????????????? | | ??????????????? # """" ##??????????????????????? | | ??????????????? # """" ##??????????????????????? | | ??????????????? # """" ##??????????????????????? | | ???????????????## """" ##??????????????????????? | | ??????????????### """" ##??????????????????????? | | ??????????????### """" ## ##???????????????????? | | ?????????????? / """" ## ##???????????????????? | | ???????????????## % ##k####?????????????????? | | ???????????????####/####### ####### ???????????? | | ???????????????## " ### ######+#???????????? | | ???????????????## ###@ ????????? | | ???????????????## g%! k k ????????? | | ???????????????## ###= Y ????????? | | ???????????????## ### ########## ????????? | | ???????????????### ################### ????????? | | ???????????????### ###########?????????????????? | | ???????????????? ??????????????????????????? | | ??????????????? ???????????????????????????? | | ?????????????? ???????????????????????????? | | ????????????? ???????????????????????????? | | ???????????? ??????????????????????????? | | ??????????? ??????????????????????????? | | ??????????? ??????????????????????????? | | ???????????? ??????????????????????????? | | ?????????????? ???????????????????????????? | | ????????????????? ???????????????????????????? | | ?????????????????????????????????????????????????? | | ?????????????????????????????????????????????????? | | ?????????????????????????????????????????????????? | | ?????????????????????????????????????????????????? | | ?????????????????????????????????????????????????? | | ?????????????????????????????????????????????????? | | ?????????????????????????????????????????????????? | | ?????????????????????????????????????????????????? | | ?????????????????????????????????????????????????? | +----------------------------------------------------+ Best States ------------- Heat Dissipation 37 Energy Generation 11 Energy Capacity 900 Matter Stores 300 Matter Capacity 300 Sight Range 16 Robot Scan Range 16 Terrain Scan Density 10 Armor Coverage 225 Propulsion Shielding 66 Phase Shifting 5 Evasion (%) 55 Melee Accuracy 8 Item Schematics ----------------- None Robot Schematics ------------------ None Fabricated ------------ Nothing Repaired ---------- Nothing Studied --------- None Alien Tech Used ----------------- None Achievements -------------- None Challenges ------------ None Game ------ Seed ReactionAntigravMaul Manual? 0 Play Time 00:36:54 Cumulative 48.5 hours Start 2025.11.19 @ 12:28:33 End 2025.11.19 @ 13:07:03 Sessions 1 Manual Loads 0 Difficulty Rogue Special Mode None Game No. 68 Rogue 68 Adventurer 0 Explorer 0 Win Type - Total 0 Types 0/0/0/0/0/0/0/0/0/0 Lore% 47 Gallery% 37 Achievement% 25 Wizard Run 0 Options --------- Layout 1 ASCII 0 Keyboard 0 Movement Numpad Keybinds 0 Fullscreen 2 Font 24/Smallcaps Map View 50x35 Zoom Use 0% Tactical HUD 1 Map Filters NONE Filters NONE Steam 1 RUN: 03c7d379-982f-42fd-aa92-f06d8b821b50